 Dungeon Crawl Stone Soup version 0.25-a0-578-gc91f01c39c (webtiles) character file.

Game seed: 15314220851904402227, levelgen mode: deterministic

924 ReteAZ the Ruffian (level 8, -1/49 HPs)
             Began as a Gargoyle Monk on Mar 7, 2020.
             Was a Believer of Makhleb.
             Killed by divine providence
             ... invoked by an orc priest
              (11 damage)
             ... on level 5 of the Dungeon.
             The game lasted 00:10:28 (5288 turns).

ReteAZ the Ruffian (Gargoyle Monk)                  Turns: 5288, Time: 00:10:28

Health: -1/49      AC: 13    Str: 16    XL:     8   Next: 10%
Magic:  17/17      EV: 12    Int: 12    God:    Makhleb [**....]
Gold:   253        SH:  0    Dex: 12    Spells: 7/7 levels left

rFire    . . .     SeeInvis .     - Unarmed
rCold    . . .     Gourm    .   (no shield)
rNeg     + + .     Faith    .   v - +1 ring mail {rN+}
rPois    ∞         Spirit   .   (no helmet)
rElec    +         Reflect  .   B - +0 cloak
rCorr    .         Harm     .   (no gloves)
MR       .....                  (no boots)
Stlth    +.........             (no amulet)
HPRegen  0.16/turn              t - ring of magical power
MPRegen  0.15/turn              (no ring)

@: no status effects
A: negative energy resistance 1, electricity resistance, unbreathing,
petrification resistance, rot immunity, AC +5
a: Minor Destruction, Renounce Religion


You were on level 5 of the Dungeon.
You worshipped Makhleb.
Makhleb was pleased with you.
You were not hungry.

You visited 1 branch of the dungeon, and saw 5 of its levels.

You collected 253 gold pieces.

Inventory:

Hand Weapons
 r - a +1 hunting sling of flaming
Missiles
 s - 52 stones
 x - 6 curare-tipped darts (quivered)
 D - 4 boomerangs
Armour
 a - a +0 robe
 d - a +0 ring mail
 v - a +1 ring mail of positive energy (worn)
 B - a +0 cloak (worn)
Jewellery
 t - a ring of magical power (left hand)
 F - a cursed -3 ring of intelligence {unknown}
Wands
 k - a wand of random effects (21)
Scrolls
 e - a scroll of noise
 f - a scroll of amnesia
 g - a scroll of identify
 p - 2 scrolls of teleportation {unknown}
 q - 4 scrolls of blinking {unknown}
 y - a scroll of enchant weapon {unknown}
 z - a scroll of immolation {unknown}
 C - a scroll of fog {unknown}
 E - a scroll of holy word {unknown}
Potions
 c - 4 potions of curing {unknown}
 h - a potion of berserk rage {unknown}
 j - a potion of heal wounds {unknown}
 l - 3 potions of lignification {unknown}
 m - 2 potions of ambrosia
 n - 2 potions of stabbing {unknown}
 u - 4 potions of haste {unknown}
 w - a potion of flight {unknown}
 A - a potion of brilliance {unknown}
Comestibles
 b - 7 rations


   Skills:
 - Level 5.0 Fighting
 + Level 4.6 Armour
 - Level 3.0 Dodging
 - Level 2.1 Stealth
 * Level 7.3 Unarmed Combat


You had 7 spell levels left.
You didn't know any spells.
Your spell library was empty.

Dungeon Overview and Level Annotations

Branches:
Dungeon (5/15)             Temple (0/1) D:5

Altars:
Elyvilon
Kikubaaqudgha
Makhleb
Okawaru


Innate Abilities, Weirdness & Mutations

You are resistant to torment.
Your stone body is resilient. (AC +5)
You are immune to poison.
You resist negative energy. (rN+)
You are resistant to electric shocks. (rElec)
You can survive without breathing.
You are immune to petrification.
You are immune to rotting.


Message History

You closely miss the jackal. The jackal closely misses you.
You closely miss the jackal.
The jackal bites you but does no damage.
You hit the jackal.
The jackal is moderately wounded.
The jackal bites you but does no damage.
You closely miss the jackal.
The jackal is moderately wounded.
The jackal barely misses you.
You hit the jackal.
You kill the jackal!
Makhleb accepts your kill.
You feel better.
You barely miss the orc priest.
The orc priest calls down the wrath of Beogh upon you.
You struggle to resist.
You closely miss the orc priest. Your punch misses the orc priest.
The orc priest mumbles some strange prayers to Beogh against you.
Beogh smites you!
You die...

***,,* **,,,,,,**,,,,,,,*
,*,,,***,,,,,***,******,*
,,,,,,*,,,,,,*,+######*+*
,,,,,,##.....*,#...#.,,**
,,**,........>##.>.#,∩,*
,,..,#........#*...*,,,*
*#...##.......######*###
*#...#........*#...#...#
,,...........#*#@>.#.>.#
..##........h###o..#...#*
..#............'####*##+*
..##...........o.#* *,,*
...#..........##..# *,**
..................# **,*
..)...............#**,,*
................#...,,**
......###..........#***


You could see an orc priest and an orc.

Vanquished Creatures
  3 ogres
  2 scorpions (D:5)
  A bullfrog zombie (D:5)
  A crimson imp (D:5)
  2 orc priests (D:3)
  A hound (D:5)
  An iguana (D:4)
  4 orc wizards
  3 worker ants
  5 gnolls
  7 adders
  An ooze (D:1)
  2 dart slugs
  3 leopard geckos
  10 orcs
  5 bats
  2 giant cockroaches (D:4)
  7 goblins
  10 hobgoblins
  16 jackals
  2 quokkas
  2 ball pythons
  6 frilled lizards
  A jackal skeleton (D:5)
  8 kobolds
  2 leopard gecko skeletons (D:4)
  4 rats (D:1)
111 creatures vanquished.

Notes
Turn   | Place    | Note
-------+----------+-------------------------------------------
     0 | D:1      | ReteAZ the Gargoyle Monk began the quest for the Orb.
     0 | D:1      | Reached XP level 1. HP: 14/14 MP: 1/1
   118 | D:1      | Reached XP level 2. HP: 13/19 MP: 2/2
   774 | D:1      | Reached XP level 3. HP: 14/23 MP: 3/3
  1341 | D:2      | Reached XP level 4. HP: 15/29 MP: 4/4
  1545 | D:2      | Reached skill level 4 in Unarmed Combat
  1561 | D:2      | Reached skill level 1 in Armour
  1834 | D:2      | You fall into a shaft and drop 2 floors!
  1952 | D:4      | Found a white marble altar of Elyvilon.
  2304 | D:3      | Reached XP level 5. HP: 31/33 MP: 5/5
  2394 | D:3      | Found a faded altar of an unknown god.
  3091 | D:3      | Reached XP level 6. HP: 39/39 MP: 6/6
  3397 | D:3      | Reached skill level 5 in Unarmed Combat
  4358 | D:4      | Reached skill level 5 in Fighting
  4358 | D:4      | Reached XP level 7. HP: 40/44 MP: 7/7
  4387 | D:4      | Reached skill level 6 in Unarmed Combat
  4546 | D:5      | Entered Level 5 of the Dungeon
  5069 | D:5      | Reached skill level 7 in Unarmed Combat
  5110 | D:5      | Reached XP level 8. HP: 24/49 MP: 8/8
  5181 | D:5      | Found an iron altar of Okawaru.
  5187 | D:5      | Found an ancient bone altar of Kikubaaqudgha.
  5194 | D:5      | Found a burning altar of Makhleb.
  5198 | D:5      | Became a worshipper of Makhleb the Destroyer
  5198 | D:5      | Reached * piety under Makhleb
  5198 | D:5      | Reached ** piety under Makhleb
  5288 | D:5      | Killed from afar by an orc priest

Levels and vault maps discovered:
D:1:      nicolae_arrival_somewhat_less_tricky_arrival, layout_basic
D:2:      layout_rooms, first_ration
D:3:      layout_basic, chequers_ecumenical_altar_simple_redux
D:4:      layout_cave_pools, serial_bayou_ford_a, elyvilon_altar_4
D:5:      layout_cave_pools, grunt_temple_overflow_diamond,
          minmay_temple_entry_slanted, nicolae_ossuary_entry_false_entrances

Skill      XL: |  1  2  3  4  5  6  7 |
---------------+----------------------+-----
Unarmed Combat | 4 5 7 |  7.3
Armour         | 1 2 3 4 |  4.6
Fighting       | 4 5 |  5.0
Dodging        | 3 |  3.0
Stealth        | |  2.1

Action                   |  1- 3 |  4- 6 |  7- 9 || total
-------------------------+-------+-------+-------++-------
Melee: Unarmed           |   158 |   248 |   119 ||   525
       Punch             |       |     9 |     5 ||    14
 Fire: Hunting sling     |       |    56 |     6 ||    62
Throw: Dart              |       |     3 |     1 ||     4
  Use: Scroll            |       |       |     4 ||     4
 Stab: Sleeping          |     2 |       |       ||     2
  Eat: Chunk             |     1 |    10 |     3 ||    14
Armor: Robe              |    15 |       |       ||    15
       Ring mail         |    37 |   114 |    58 ||   209
Dodge: Dodged            |    85 |   121 |    66 ||   272

Table legend:
 A = Non-vault XP
 B = Vault XP
 C = Vault XP percentage of total XP
 D = Non-vault monster count
 E = Vault monster count
 F = Vault count percentage of total count
                 A         B        C        D         E       F
            +---------+---------+-------+---------+---------+-------
      Total |    1321 |       0 |   0.0 |     111 |       0 |   0.0
            +---------+---------+-------+---------+---------+-------
        D:1 |      42 |       0 |   0.0 |      22 |       0 |   0.0
        D:2 |     110 |       0 |   0.0 |      28 |       0 |   0.0
        D:3 |     243 |       0 |   0.0 |      33 |       0 |   0.0
        D:4 |     433 |       0 |   0.0 |      15 |       0 |   0.0
        D:5 |     493 |       0 |   0.0 |      13 |       0 |   0.0
            +---------+---------+-------+---------+---------+-------
